 Dungeon Crawl Stone Soup version 0.30.1-11-g7821555f0a (webtiles) character file.

Game seed: 7816712837469380922

234 Ijustatesigmund the Magician (level 5, 0/29 HPs)
             Began as a Deep Elf Earth Elementalist on Dec 7, 2023.
             Slain by Grinder (1 damage)
             ... on level 4 of the Dungeon.
             The game lasted 00:06:38 (3909 turns).

Ijustatesigmund the Magician (DEEE)                 Turns: 3909, Time: 00:06:38

Health: 0/29       AC:  4    Str:  5    XL:     5   Next: 75%
Magic:  7/14       EV: 13    Int: 22    God:
Gold:   197        SH:  0    Dex: 15    Spells: 10/14 levels left

rFire   . . .        c - +2 hand axe (freeze)
rCold   . . .        (no shield)
rNeg    . . .        a - +0 robe
rPois   .            (no helmet)
rElec   .            (no cloak)
rCorr   .            o - +1 pair of gloves
SInv    .            (no boots)
Will    .....        (no amulet)
Stlth   ++           (no ring)
HPRegen 0.24/turn    (no ring)
MPRegen 0.14/turn

%: no passive effects
@: no status effects
A: no striking features
a: no special abilities


You were on level 4 of the Dungeon.
You visited 1 branch of the dungeon, and saw 4 of its levels.

You collected 197 gold pieces.

Inventory:

Hand Weapons
 c - a +2 hand axe of freezing (weapon)
Armour
 a - a +0 robe (worn)
 o - a +1 pair of gloves (worn)
Scrolls
 d - 2 scrolls of fear {unknown}
 g - a scroll of enchant weapon {unknown}
 k - a scroll of poison {unknown}
 l - a scroll of amnesia {unknown}
 m - a scroll of magic mapping {unknown}
 p - a scroll of teleportation
 q - a scroll of immolation {unknown}
 s - a scroll of enchant armour {unknown}
Potions
 b - a potion of magic
 e - a potion of haste {unknown}
 f - a potion of brilliance
 h - a potion of flight
 i - a potion of cancellation
 j - a potion of might
 n - a potion of heal wounds
 r - a potion of mutation {unknown}
 t - a potion of lignification {unknown}
 u - a potion of curing


   Skills:
 + Level 1.2 Fighting
 + Level 3.3 Dodging
 - Level 2.4 Stealth
 + Level 5.0 Spellcasting
 + Level 2.6 Conjurations
 - Level 1.1 Transmutations
 + Level 4.7 Earth Magic


You had 10 spell levels left.
You knew the following spells:

 Your Spells              Type           Power      Damage    Failure   Level
a - Sandblast             Erth           52%        2d12      1%          1
b - Stone Arrow           Conj/Erth      42%        3d9       7%          3

Your spell library contained the following spells:

 Spells                   Type           Power      Damage    Failure   Level
 Magic Dart               Conj           68%        1d6       3%          1
 Passwall                 Tmut/Erth      15%        N/A       4%          2
 Apportation              Tloc           10%        N/A       10%         1
 Necrotise                Necr           20%        1d5       10%         1
 Summon Small Mammal      Summ           20%        N/A       10%         1
 Call Imp                 Summ           10%        N/A       16%         2
 Cigotuvi's Dreadful Rot  Necr/Pois/Air  10%        N/A       16%         2
 Mephitic Cloud           Conj/Pois/Air  9%         N/A       22%         3
 Ignite Poison            Fire/Tmut/Pois 7%         N/A       26%         3
 Summon Guardian Golem    Hex/Summ       5%         N/A       30%         3
 Petrify                  Tmut/Erth      18%        N/A       30%         4
 Freezing Cloud           Conj/Ice/Air   4%         6-21      89%         5
 Orb of Destruction       Conj           8%         9d6       100%        7
 Spellforged Servitor     Conj/Summ      5%         N/A       100%        7


Dungeon Overview and Level Annotations

Branches:
Dungeon (4/15)
 Temple: D:4-7

Altars:
Elyvilon
Gozag
Zin

Shops:
D:3 (

Annotations:
D:4 Grinder


Message History

You resist with significant effort. Grinder gestures at you.
You struggle to resist.
Casting: Sandblast (safe; 1% risk of failure)
Confirm with . or Enter, or press ? or * to list all spells.
Aiming: Sandblast (safe; 1% risk of failure)
Press: ? - help, Shift-Dir - straight line, f/p - Grinder
Aim: Grinder, carrying a wand of roots (3) (heavily wounded, 81% to hit)
The blast of sand hits Grinder.
Grinder is heavily wounded.
Grinder blinks!
Unknown command.
Grinder blinks!
Casting: Sandblast (safe; 1% risk of failure)
Confirm with . or Enter, or press ? or * to list all spells.
Aiming: Sandblast (safe; 1% risk of failure)
Press: ? - help, Shift-Dir - straight line, f/p - Grinder
Aim: Grinder, carrying a wand of roots (3) (heavily wounded, 81% to hit)
The blast of sand hits Grinder but does no damage.
Grinder is heavily wounded.
Grinder gestures at you.
You suddenly lose the ability to move!
Grinder hits you.
You writhe in agony.
Grinder hits you.
You writhe in agony.
* * * LOW HITPOINT WARNING * * *
Grinder hits you but does no damage. Grinder hits you.
* * * LOW HITPOINT WARNING * * *
You writhe in agony.
* * * LOW HITPOINT WARNING * * *
You can move again.
Casting: Sandblast (safe; 1% risk of failure)
Confirm with . or Enter, or press ? or * to list all spells.
Aiming: Sandblast (safe; 1% risk of failure)
Press: ? - help, Shift-Dir - straight line, f/p - Grinder
Aim: Grinder, carrying a wand of roots (3) (heavily wounded, 81% to hit)
The blast of sand hits Grinder!
Grinder is almost dead.
Grinder hits you.
You die...

>......##### #....# #
.####..#######....# ##### # .#
#.........##.########...# # .#
#.........#.............#####
.####.........#..................
..............#...........##.####
..............#...........##.####
..............+..................
....b.........#.@5...............
......b...5...#...............)..
..............#...........##.####
..~~.P♣♣♣..≈~.............##.#
..~~......P~≈....######...##.#
...P.♣♣.♣♣PP.....#........##.#
....♣♣P..♣♣.(..###.......###.#
#.♣.♣P....♣.♣#.###.......# .#
..♣P..._....♣#...........#


You could see Grinder.

Vanquished Creatures
  A jelly (D:4)
  Natasha (D:4)
  2 orc wizards
  Robin (D:4)
  2 adders
  A worm (D:3)
  12 orcs
  7 endoplasms
  4 giant cockroaches
  13 goblins
  9 hobgoblins
  2 jackals (D:1)
  6 kobolds
  2 quokkas
  6 ball pythons
  3 bats
  4 frilled lizards
  8 rats
84 creatures vanquished.

Notes
Turn   | Place    | Note
-------+----------+-------------------------------------------
     0 | D:1      | Ijustatesigmund the Deep Elf Earth Elementalist began the
                  | quest for the Orb.
     0 | D:1      | Reached XP level 1. HP: 10/10 MP: 6/6
   361 | D:1      | Reached XP level 2. HP: 15/15 MP: 4/8
  1146 | D:2      | Reached skill level 4 in Spellcasting
  1264 | D:2      | Found a faded altar of an unknown god.
  1523 | D:2      | Reached XP level 3. HP: 19/19 MP: 7/10
  1527 | D:2      | Learned a level 3 spell: Stone Arrow
  2112 | D:2      | Reached skill level 1 in Conjurations
  2867 | D:3      | Reached XP level 4. HP: 24/24 MP: 10/12
  2921 | D:3      | Found an opulent altar of Gozag.
  2927 | D:3      | Found Wuass's Weapon Shoppe.
  3611 | D:4      | Noticed Robin
  3614 | D:4      | Killed Robin
  3629 | D:4      | Reached XP level 5. HP: 28/28 MP: 11/13
  3687 | D:4      | Found a glowing silver altar of Zin.
  3748 | D:4      | Reached skill level 1 in Fighting
  3815 | D:4      | Found a white marble altar of Elyvilon.
  3815 | D:4      | Noticed Natasha
  3820 | D:4      | Killed Natasha
  3821 | D:4      | Reached skill level 5 in Spellcasting
  3889 | D:4      | Noticed Grinder
  3904 | D:4      | Paralysed by Grinder for 5 turns
  3908 | D:4      | HP: 1/29 [Grinder (6)]
  3909 | D:4      | Slain by Grinder

Illustrated notes

Levels and vault maps discovered:
D:1:      elethiomel_arrival_infinity_welcomes_careful_drivers,
          layout_loops_cross
D:2:      layout_basic, dilly_ecumenical_altar_fadedgnrine
D:3:      layout_rooms, lemuel_doored_altar, serial_shops,
          nicolae_shop_bloodbath_and_beyond, minmay_quadrilaterals
D:4:      layout_basic, mainiacjoe_overflow_small_starburst,
          nicolae_elyvilon_peaceful_grove, kennysheep_generic_room_11,
          uniq_robin, uniq_grinder, uniq_natasha

Skill      XL: |  1  2  3  4  5 |
---------------+----------------+-----
Earth Magic    | 4 |  4.7
Spellcasting   | 4 5 |  5.0
Conjurations   | 1 2 |  2.6
Dodging        | 3 |  3.3
Fighting       | 1 |  1.2
Stealth        | |  2.4
Transmutations | |  1.1

Action                     |  1- 3 |  4- 6 || total
---------------------------+-------+-------++-------
  Melee: Hand axe          |       |    27 ||    27
         Punch             |       |     2 ||     2
   Cast: Sandblast         |    72 |    45 ||   117
         Stone Arrow       |     1 |     1 ||     2
    Use: Scroll            |     4 |     1 ||     5
         Potion            |       |     2 ||     2
 Armour: Robe              |     2 |    14 ||    16
  Dodge: Dodged            |    14 |    26 ||    40
